 Dungeon Crawl Stone Soup version 0.19.0-19-g8c6edcc (webtiles) character file.

98 JeffiDaFish the Covered (level 4, -2/29 HPs)
             Began as a Gargoyle Fighter on Nov 13, 2016.
             Slain by a worm (4 damage)
             ... on level 3 of the Dungeon.
             The game lasted 00:08:15 (2485 turns).

JeffiDaFish the Covered (Gargoyle Fighter)          Turns: 2485, Time: 00:08:16

Health: -2/29      AC: 13    Str: 21    XL:     4   Next: 69%
Magic:  13/13      EV:  7    Int:  8    God:
Gold:   43         SH:  9    Dex:  5    Spells: 0 memorised, 3 levels left

rFire  x . .     SeeInvis .     a - +0 flail
rCold  + . .     Gourm    .     b - +0 scale mail
rNeg   + . .     Faith    .     c - +0 shield
rPois  ∞         Spirit   .     (no helmet)
rElec  +         Reflect  .     e - +0 cloak
rCorr  .         Harm     .     (no gloves)
MR     .....     Rnd*Tele +     (no boots)
Stlth  ..........               (no amulet)
                                l - ring of ice
                                k - ring of magical power

@: no status effects
A: slimy green scales 1, clumsy 2, negative energy resistance 1, electricity
resistance, teleportitis 1, wild magic 1, unbreathing, petrification resistance,
rot immunity, AC +3
a: no special abilities


You were on level 3 of the Dungeon.
You were hungry.

You visited 1 branch of the dungeon, and saw 3 of its levels.

You collected 43 gold pieces.

Inventory:

Hand Weapons
 a - a +0 flail (weapon)
Armour
 b - a +0 scale mail (worn)
 c - a +0 shield (worn)
 e - a +0 cloak (worn)
Jewellery
 k - a ring of magical power (left hand)
 l - a ring of ice (right hand)
Wands
 n - a wand of random effects (34/48)
Scrolls
 i - 3 scrolls of identify
 j - a scroll of teleportation
 m - a scroll of magic mapping
Potions
 d - a potion of might
Comestibles
 f - 2 bread rations
 h - a beef jerky


   Skills:
 + Level 3.8 Fighting
 + Level 2.9 Maces & Flails
 + Level 3.9 Armour
 + Level 1.0 Dodging
 + Level 0.5 Stealth
 + Level 3.9 Shields


You had 3 spell levels left.
You didn't know any spells.

Dungeon Overview and Level Annotations

Branches:
Dungeon (3/15)

Altars:


Innate Abilities, Weirdness & Mutations

You are resistant to torment.
Your stone body is resilient. (AC +3)
You are immune to poison.
You resist negative energy. (rN+)
You are resistant to electric shocks. (rElec)
You can survive without breathing.
You are immune to petrification.
You are immune to rotting.
You are partially covered in slimy green scales. (AC +2)
You are very clumsy. (Dex -4)
You are occasionally teleported next to monsters.
Your spells are a little harder to cast, but a little more powerful.


Message History

* * * LOW HITPOINT WARNING * * *
You block the hobgoblin's attack. You block the hobgoblin's attack.
The worm bites you but does no damage. The hobgoblin barely misses you.
You block the worm's attack.
The hobgoblin hits you but does no damage.
The hobgoblin barely misses you. You block the worm's attack.
The hobgoblin barely misses you. The worm bites you.
* * * LOW HITPOINT WARNING * * *
The hobgoblin closely misses you. You block the hobgoblin's attack.
You block the worm's attack. You block the hobgoblin's attack.
You block the worm's attack. You block the hobgoblin's attack.
You block the hobgoblin's attack. The worm bites you.
* * * LOW HITPOINT WARNING * * *
The hobgoblin hits you but does no damage.
The worm bites you but does no damage.
The hobgoblin hits you but does no damage.
You block the hobgoblin's attack. The worm bites you.
You die...

...........+ ....
#...#####.##.....
...>..........)..
#.#.###.#.####### #
#.#.# ####.
#.#.####
.....###'#....+
#..........#
+........w@#
#........g.#
...................
#################..


You could see a worm and a hobgoblin.

Vanquished Creatures
  2 adders (D:2)
  2 worms (D:2)
  3 dart slugs
  3 leopard geckos
  8 bats
  A giant cockroach (D:1)
  12 goblins
  7 hobgoblins
  4 jackals (D:1)
  A quokka (D:2)
  A ball python (D:1)
  4 frilled lizards (D:1)
  6 kobolds
  8 rats
62 creatures vanquished.

Notes
Turn   | Place    | Note
-------+----------+-------------------------------------------
     0 | D:1      | JeffiDaFish the Gargoyle Fighter began the quest for the Orb.
     0 | D:1      | Reached XP level 1. HP: 14/14 MP: 1/1
   203 | D:1      | Reached XP level 2. HP: 18/19 MP: 2/2
   729 | D:1      | Reached XP level 3. HP: 20/23 MP: 3/3
  1448 | D:2      | Reached XP level 4. HP: 28/29 MP: 4/4
  1606 | D:2      | Reached skill level 1 in Dodging
  2117 | D:2      | Gained mutation: Your spells are a little harder to cast, but a little more powerful. [potion of mutation]
  2117 | D:2      | Gained mutation: You are clumsy. (Dex -2) [potion of mutation]
  2117 | D:2      | Gained mutation: You are partially covered in slimy green scales. (AC +2) [potion of mutation]
  2118 | D:2      | Gained mutation: You are very clumsy. (Dex -4) [potion of mutation]
  2118 | D:2      | Gained mutation: You are occasionally teleported next to monsters. [potion of mutation]
  2482 | D:3      | HP: 1/29 [worm (4)]
  2485 | D:3      | Slain by a worm

Skill      XL: |  1  2  3  4 |
---------------+-------------+-----
Dodging        | 1 |  1.0
Fighting       | |  3.8
Maces & Flails | |  2.9
Armour         | |  3.9
Stealth        | |  0.5
Shields        | |  3.9

Action                   |  1- 3 |  4- 6 || total
-------------------------+-------+-------++-------
Melee: Flail             |   183 |    90 ||   273
  Use: Scroll            |     3 |     2 ||     5
       Potion            |     2 |     2 ||     4
  Eat: Chunk             |     2 |     3 ||     5
Armor: Scale mail        |   151 |    62 ||   213
Dodge: Dodged            |    74 |    42 ||   116
Block: Shield            |   134 |    83 ||   217
